3AAA
GRYFINDOR BRAVES @ AUGUSTA TIMBER HAWKS
06/09/2034
 
TOP OF THE 1ST
Gryfindor Braves batting - Pitching for Augusta Timber Hawks : RHP Keith Cochrane
Pitching: RHP Keith Cochrane
Batting: LHB José Cuervo 0-0: Ball
1-0: Called Strike
1-1: Ball
2-1: Swinging Strike
2-2: Ground out 4-3 (Groundball, 4D)
Batting: SHB Adrián Zamudio 0-0: Ball
1-0: Ball
2-0: SINGLE (Groundball, 4M) (infield hit)
Batting: RHB Akke Derksen 0-0: Foul Ball, location: 2F
0-1: Ball
1-1: SINGLE (Flyball, 89M)
Adrián Zamudio to second
Runner from 2nd tries for 3rd, SAFE, no throw
Batting: LHB Austin Hathaway 0-0: Called Strike
0-1: Ball
1-1: Foul Ball, location: 2F
1-2: Foul Ball, location: 2F
1-2: Strikes out swinging
Batting: RHB Randy Rehling 0-0: Ball
Akke Derksen is caught stealing 2nd base
Top of the 1st over - 0 runs, 2 hits, 0 errors, 1 left on base; Gryfindor 0 - Augusta 0
BOTTOM OF THE 1ST
Augusta Timber Hawks batting - Pitching for Gryfindor Braves : LHP Jorge Cedeño
Pitching: LHP Jorge Cedeño
Batting: SHB Yun-qi Chien 0-0: Hit by Pitch
Batting: RHB Krystof Melichar 0-0: Ball
1-0: SINGLE (Line Drive, 6M)
Yun-qi Chien to second
Batting: RHB Eugene Bennett 0-0: Called Strike
0-1: Ball
1-1: Called Strike
1-2: Strikes out swinging
Batting: RHB Jesús Recesvinto 0-0: Ball
1-0: Foul Ball, location: 2F
1-1: Ball
2-1: Swinging Strike
2-2: SINGLE (Line Drive, 7LS)
Yun-qi Chien to third
Krystof Melichar to second
Runner from 3rd tries for Home, SAFE, throw made home
Batting: LHB Seung-soo Ch'ae 0-0: Called Strike
Krystof Melichar is caught stealing 3rd base
0-1: Swinging Strike
0-2: Ball
1-2: Ball
2-2: DOUBLE (Line Drive, 78D)
Jesús Recesvinto to third
Runner from 3rd tries for Home, throw and OUT!
Bottom of the 1st over - 1 run, 3 hits, 0 errors, 1 left on base; Gryfindor 0 - Augusta 1
TOP OF THE 2ND
Gryfindor Braves batting - Pitching for Augusta Timber Hawks : RHP Keith Cochrane
Batting: RHB Randy Rehling 0-0: Ball
1-0: Ground out 5-3 (Groundball, 5)
Batting: LHB Carroll Martin 0-0: Ball
1-0: Ball
2-0: Ground out U3 (Groundball, 34S)
Batting: RHB Javier López 0-0: Ball
1-0: SINGLE (Groundball, 6MD)
Batting: RHB Bob Petiet 0-0: Ball
1-0: Ball
Javier López is caught stealing 2nd base
Top of the 2nd over - 0 runs, 1 hit, 0 errors, 0 left on base; Gryfindor 0 - Augusta 1
BOTTOM OF THE 2ND
Augusta Timber Hawks batting - Pitching for Gryfindor Braves : LHP Jorge Cedeño
Batting: LHB Randy Sallah 0-0: Called Strike
0-1: Called Strike
0-2: Ball
1-2: Foul Ball, location: 2F
1-2: Ball
2-2: Strikes out looking
Batting: LHB Damian Delaney 0-0: Swinging Strike
0-1: Ball
1-1: Ground out 4-3 (Groundball, 4)
Batting: LHB Carlos Medellín 0-0: Called Strike
0-1: Swinging Strike
0-2: Strikes out swinging
Bottom of the 2nd over - 0 runs, 0 hits, 0 errors, 0 left on base; Gryfindor 0 - Augusta 1
TOP OF THE 3RD
Gryfindor Braves batting - Pitching for Augusta Timber Hawks : RHP Keith Cochrane
Batting: RHB Bob Petiet 0-0: Foul Ball, location: 2F
0-1: Ball
1-1: Foul Ball, location: 2F
1-2: SINGLE (Line Drive, 7S)
Batting: RHB Ernesto Souza 0-0: Foul Ball, location: 2F
0-1: Ball
1-1: Ball
2-1: Called Strike
2-2: Ground out 5-3 (Groundball, 5S)
Bob Petiet to second
Batting: LHB José Cuervo 0-0: Called Strike
0-1: Ball
1-1: Foul Ball, location: 2F
1-2: Ball
2-2: Fly out, F8 (Flyball, 8RD)
Batting: SHB Adrián Zamudio 0-0: Called Strike
0-1: Ball
1-1: Ball
2-1: Ball
3-1: Called Strike
3-2: SINGLE (Line Drive, 4MD)
Bob Petiet to third
Bob Petiet scores
Batting: RHB Akke Derksen 0-0: Ball
1-0: Foul Ball, location: 2F
1-1: Ball
2-1: Foul Ball, location: 2F
2-2: Foul Ball, location: 2F
2-2: SINGLE (Line Drive, 6D)
Adrián Zamudio to second
Batting: LHB Austin Hathaway 0-0: Ball
1-0: Foul Ball, location: 2F
1-1: Ground out 1-3 (Groundball, 13S)
Top of the 3rd over - 1 run, 3 hits, 0 errors, 2 left on base; Gryfindor 1 - Augusta 1
BOTTOM OF THE 3RD
Augusta Timber Hawks batting - Pitching for Gryfindor Braves : LHP Jorge Cedeño
Batting: LHB Mike Goff 0-0: Ball
1-0: Fly out, F8 (Flyball, 8LM)
Batting: SHB Yun-qi Chien 0-0: Foul Ball, location: 2F
0-1: Swinging Strike
0-2: Ball
1-2: Ground out 4-3 (Groundball, 4S)
Batting: RHB Krystof Melichar 0-0: Swinging Strike
0-1: Swinging Strike
0-2: Ball
1-2: Ball
2-2: Foul Ball, location: 2F
2-2: Foul Ball, location: 2F
2-2: Ball
3-2: Foul Ball, location: 2F
3-2: Base on Balls
Batting: RHB Eugene Bennett 0-0: Foul Ball, location: 2F
0-1: Fly out, F7 (Line Drive, 7)
Bottom of the 3rd over - 0 runs, 0 hits, 0 errors, 1 left on base; Gryfindor 1 - Augusta 1
TOP OF THE 4TH
Gryfindor Braves batting - Pitching for Augusta Timber Hawks : RHP Keith Cochrane
Batting: RHB Randy Rehling 0-0: Ball
1-0: Ball
2-0: Ball
3-0: Base on Balls
Batting: LHB Carroll Martin 0-0: Swinging Strike
0-1: Ball
1-1: Swinging Strike
1-2: Foul Ball, location: 2F
1-2: Fielders Choice at 2nd, 4-6 (Groundball, 4D)
Batting: RHB Javier López 0-0: Ball
1-0: Foul Ball, location: 2F
1-1: Ball
2-1: Ball
3-1: Swinging Strike
3-2: Base on Balls
Carroll Martin to second
Batting: RHB Bob Petiet 0-0: Ball
1-0: Foul Ball, location: 2F
1-1: Grounds into double play, 5-4-3 (Groundball, 56)
Top of the 4th over - 0 runs, 0 hits, 0 errors, 1 left on base; Gryfindor 1 - Augusta 1
BOTTOM OF THE 4TH
Augusta Timber Hawks batting - Pitching for Gryfindor Braves : LHP Jorge Cedeño
Batting: RHB Jesús Recesvinto 0-0: Called Strike
0-1: Foul Ball, location: 2F
0-2: Ball
1-2: Foul Ball, location: 2F
1-2: Ball
2-2: Foul Ball, location: 2F
2-2: Ball
3-2: Hit by Pitch
Batting: LHB Seung-soo Ch'ae 0-0: Called Strike
0-1: Ball
1-1: Swinging Strike
1-2: Strikes out swinging
Batting: LHB Randy Sallah 0-0: Foul Ball, location: 2F
0-1: Hit by Pitch
Jesús Recesvinto to second
Batting: LHB Damian Delaney 0-0: Hit by Pitch
Jesús Recesvinto to third
Randy Sallah to second
Batting: LHB Carlos Medellín 0-0: Called Strike
0-1: Called Strike
0-2: Ball
1-2: Fielders Choice at 2nd, 4-6 (Groundball, 4)
Jesús Recesvinto scores
Randy Sallah to third
Batting: LHB Mike Goff 0-0: Ball
1-0: Fly out, F7 (Flyball, 7)
Bottom of the 4th over - 1 run, 0 hits, 0 errors, 2 left on base; Gryfindor 1 - Augusta 2
TOP OF THE 5TH
Gryfindor Braves batting - Pitching for Augusta Timber Hawks : RHP Keith Cochrane
Batting: RHB Ernesto Souza 0-0: Ground out 5-3 (Groundball, 56S)
Batting: LHB José Cuervo 0-0: Called Strike
0-1: Ball
1-1: Ball
2-1: Ball
3-1: Called Strike
3-2: Ground out 4-3 (Groundball, 34D)
Batting: SHB Adrián Zamudio 0-0: Ball
1-0: Ball
2-0: Called Strike
2-1: Ball
3-1: Base on Balls
Batting: RHB Akke Derksen 0-0: Reached on error, E6 (Groundball, 6)
Adrián Zamudio to second
Batting: LHB Austin Hathaway 0-0: Called Strike
0-1: SINGLE (Groundball, 6MD)
Adrián Zamudio to third
Akke Derksen to second
Runner from 3rd tries for Home, SAFE, no throw
Batting: RHB Randy Rehling 0-0: Called Strike
0-1: Called Strike
0-2: Strikes out swinging
Top of the 5th over - 1 run, 1 hit, 1 error, 2 left on base; Gryfindor 2 - Augusta 2
BOTTOM OF THE 5TH
Augusta Timber Hawks batting - Pitching for Gryfindor Braves : LHP Jorge Cedeño
Batting: SHB Yun-qi Chien 0-0: Ball
1-0: Called Strike
1-1: Ball
2-1: Ball
3-1: Base on Balls
Batting: RHB Krystof Melichar 0-0: Bunt missed!
0-1: Bunted foul
0-2: Fly out, F5 (Line Drive, 56)
Batting: RHB Eugene Bennett 0-0: Ball
Yun-qi Chien is caught stealing 2nd base
1-0: Ball
2-0: Foul Ball, location: 2F
2-1: Ground out 4-3 (Groundball, 4)
Bottom of the 5th over - 0 runs, 0 hits, 0 errors, 0 left on base; Gryfindor 2 - Augusta 2
TOP OF THE 6TH
Gryfindor Braves batting - Pitching for Augusta Timber Hawks : RHP Keith Cochrane
Pitching: RHP Georg von Trapp
Batting: LHB Carroll Martin 0-0: SINGLE (Line Drive, 8LS)
Pitching: RHP Fraser Cuevas
Batting: RHB Javier López 0-0: Bunted foul
0-1: Bunted foul
0-2: Ball
1-2: SINGLE (Line Drive, 7S)
Carroll Martin to second
Batting: RHB Bob Petiet 0-0: Ball
1-0: Ground out 5-3 (Groundball, 56S)
Carroll Martin to third
Javier López to second
Batting: RHB Ernesto Souza 0-0: Ball
1-0: Foul Ball, location: 2F
1-1: Foul Ball, location: 2F
1-2: Ball
2-2: Fly out, F9 (Flyball, 9LSF)
Runner from 3rd tags up, SCORES, no throw
Pitching: RHP Omara Moctar
Batting: LHB José Cuervo 0-0: Called Strike
0-1: Ball
1-1: Foul Ball, location: 2F
1-2: SINGLE (Groundball, 34D)
Javier López to third
Runner from 3rd tries for Home, SAFE, no throw
Batting: SHB Adrián Zamudio 0-0: Ball
1-0: Called Strike
1-1: Called Strike
1-2: Strikes out swinging
Top of the 6th over - 2 runs, 3 hits, 0 errors, 1 left on base; Gryfindor 4 - Augusta 2
BOTTOM OF THE 6TH
Augusta Timber Hawks batting - Pitching for Gryfindor Braves : LHP Jorge Cedeño
Batting: RHB Jesús Recesvinto 0-0: Fly out, F4 (Popup, 4)
Batting: LHB Seung-soo Ch'ae 0-0: Called Strike
0-1: Ball
1-1: Fly out, F7 (Line Drive, 7)
Batting: LHB Randy Sallah 0-0: Foul Ball, location: 2F
0-1: DOUBLE (Flyball, 89D)
Batting: LHB Damian Delaney 0-0: Called Strike
0-1: Swinging Strike
0-2: Strikes out swinging
Bottom of the 6th over - 0 runs, 1 hit, 0 errors, 1 left on base; Gryfindor 4 - Augusta 2
TOP OF THE 7TH
Gryfindor Braves batting - Pitching for Augusta Timber Hawks : RHP Omara Moctar
Batting: RHB Akke Derksen 0-0: Called Strike
0-1: Foul Ball, location: 2F
0-2: Ball
1-2: Strikes out looking
Batting: LHB Austin Hathaway 0-0: Ball
1-0: Ball
2-0: Ball
3-0: Base on Balls
Batting: RHB Randy Rehling 0-0: Ball
1-0: Grounds into double play, 5-4-3 (Groundball, 56)
Top of the 7th over - 0 runs, 0 hits, 0 errors, 0 left on base; Gryfindor 4 - Augusta 2
BOTTOM OF THE 7TH
Augusta Timber Hawks batting - Pitching for Gryfindor Braves : LHP Jorge Cedeño
Batting: LHB Carlos Medellín 0-0: Ball
1-0: Ball
2-0: Ball
3-0: Called Strike
3-1: Base on Balls
Pitching: RHP Denver Milne
Batting: LHB Mike Goff 0-0: Ball
1-0: Foul Ball, location: 2F
1-1: Ball
2-1: Foul Ball, location: 2F
2-2: SINGLE (Groundball, 4MD)
Carlos Medellín to second
Batting: SHB Yun-qi Chien 0-0: Bunted foul
0-1: Bunted foul
0-2: Foul Ball, location: 2F
0-2: Ball
1-2: Fly out, F5 (Line Drive, 56)
Batting: RHB Krystof Melichar 0-0: Called Strike
0-1: Fly out, F3 (Popup, 3S)
Batting: RHB Eugene Bennett 0-0: Ball
1-0: Called Strike
1-1: Called Strike
1-2: 3-RUN HOME RUN (Flyball, 7D), Distance : 418 ft
Batting: RHB Jesús Recesvinto 0-0: Ball
1-0: Ground out 5-3 (Groundball, 56S)
Bottom of the 7th over - 3 runs, 2 hits, 0 errors, 0 left on base; Gryfindor 4 - Augusta 5
TOP OF THE 8TH
Gryfindor Braves batting - Pitching for Augusta Timber Hawks : RHP Omara Moctar
Batting: LHB Carroll Martin 0-0: Swinging Strike
0-1: Called Strike
0-2: Ground out 1-3 (Groundball, 13S)
Batting: RHB Javier López 0-0: Ball
1-0: Swinging Strike
1-1: Ball
2-1: Ball
3-1: SINGLE (Line Drive, 78S)
Batting: RHB Bob Petiet 0-0: Called Strike
0-1: Ball
1-1: Ball
2-1: Called Strike
2-2: SINGLE (Groundball, 6MD)
Javier López to second
Runner from 2nd tries for 3rd, SAFE, no throw
Pinch Hitting: LHB Gilberto Jiménez 0-0: Ball
1-0: Foul Ball, location: 2F
1-1: Fly out, F5 (Popup, 5SF)
Batting: LHB José Cuervo 0-0: Ball
1-0: Ball
2-0: Ball
3-0: Base on Balls
Bob Petiet to second
Batting: SHB Adrián Zamudio 0-0: Ball
1-0: Called Strike
1-1: Fly out, F9 (Line Drive, 9)
Top of the 8th over - 0 runs, 2 hits, 0 errors, 3 left on base; Gryfindor 4 - Augusta 5
BOTTOM OF THE 8TH
Augusta Timber Hawks batting - Pitching for Gryfindor Braves : RHP Denver Milne
Now at 3B: Tyler Knopp
Batting: LHB Seung-soo Ch'ae 0-0: Called Strike
0-1: Foul Ball, location: 2F
0-2: Ground out 5-3 (Groundball, 56)
Batting: LHB Randy Sallah 0-0: Ball
1-0: Called Strike
1-1: Called Strike
1-2: Ball
2-2: Ground out 4-3 (Groundball, 4)
Batting: LHB Damian Delaney 0-0: Ball
1-0: Ball
2-0: Ball
3-0: Called Strike
3-1: Foul Ball, location: 2F
3-2: Foul Ball, location: 2F
3-2: Base on Balls
Batting: LHB Carlos Medellín 0-0: Ball
1-0: Called Strike
1-1: Ball
2-1: Foul Ball, location: 2F
2-2: Ball
3-2: Base on Balls
Damian Delaney to second
Pitching: LHP Octávio Ríos
Batting: LHB Mike Goff 0-0: Called Strike
0-1: Swinging Strike
0-2: Foul Ball, location: 2F
0-2: Strikes out swinging
Bottom of the 8th over - 0 runs, 0 hits, 0 errors, 2 left on base; Gryfindor 4 - Augusta 5
TOP OF THE 9TH
Gryfindor Braves batting - Pitching for Augusta Timber Hawks : RHP Omara Moctar
Pitching: RHP Gus Osborne
Batting: RHB Akke Derksen 0-0: Ball
1-0: Foul Ball, location: 2F
1-1: Ball
2-1: Fly out, F8 (Flyball, 8RD)
Batting: LHB Austin Hathaway 0-0: Called Strike
0-1: Ball
1-1: Foul Ball, location: 2F
1-2: Ball
2-2: Strikes out looking
Batting: RHB Randy Rehling 0-0: SINGLE (Line Drive, 7LM)
Batting: LHB Carroll Martin 0-0: Ground out 4-3 (Groundball, 34)
Top of the 9th over - 0 runs, 1 hit, 0 errors, 1 left on base; Gryfindor 4 - Augusta 5
Friday, March 29th, 2019 - OOTP Baseball 18.8 Build 76